 Dungeon Crawl Stone Soup version 0.26-a0-497-g0187308201 (webtiles) character file.

Game seed: 4400465454629267853

252 ANON1729 the Chucker (level 6, -2/63 HPs)
             Began as an Ogre Hunter on Aug 6, 2020.
             Slain by a phantom (5 damage)
             ... in the Ecumenical Temple.
             The game lasted 00:05:50 (3995 turns).

ANON1729 the Chucker (Ogre Hunter)                  Turns: 3995, Time: 00:05:51

Health: -2/63      AC:  3    Str: 18    XL:     6   Next: 14%
Magic:  6/6        EV: 10    Int: 12    God:
Gold:   182        SH:  0    Dex: 10    Spells: 5/5 levels left

rFire    . . .     SeeInvis .   t - +2 dagger (venom)
rCold    . . .     Faith    .   (no shield)
rNeg     . . .     Spirit   .   b - +0 robe
rPois    .         Reflect  .   (helmet restricted)
rElec    .         Harm     .   (no cloak)
rCorr    .                      (gloves unavailable)
MR       .....                  (boots unavailable)
Stlth    ++........             v - amulet of regeneration
HPRegen  0.60/turn              (no ring)
MPRegen  0.10/turn              (no ring)

@: no status effects
A: large, unfitting armour, tough skin 1
a: no special abilities


You were in the Ecumenical Temple.
You visited 2 branches of the dungeon, and saw 5 of its levels.

You collected 182 gold pieces.

Inventory:

Hand Weapons
 t - a +2 dagger of venom (weapon)
Missiles
 c - 2 large rocks (quivered)
 d - 2 throwing nets
 j - 7 atropa-tipped darts
 s - 7 javelins
Armour
 b - a +0 robe (worn)
Jewellery
 k - an uncursed amulet of faith
 v - an amulet of regeneration (around neck)
Scrolls
 f - 3 scrolls of magic mapping {unknown}
 l - 2 scrolls of amnesia {unknown}
 o - 2 scrolls of identify {unknown}
 p - 2 scrolls of remove curse {unknown}
 q - 2 scrolls of enchant weapon {unknown}
 r - 3 scrolls of random uselessness {unknown}
 u - a scroll of blinking {unknown}
Potions
 a - a potion of degeneration {unknown}
 e - a potion of invisibility {unknown}
 g - 3 potions of haste {unknown}
 h - a potion of magic {unknown}
 i - a potion of might {unknown}
 m - 3 potions of curing {unknown}
 n - a potion of stabbing {unknown}
 w - a potion of lignification {unknown}


   Skills:
 + Level 4.6 Fighting
 + Level 4.9 Throwing
 + Level 3.1 Dodging
 + Level 2.4 Stealth


You had 5 spell levels left.
You didn't know any spells.
Your spell library contained the following spells:

 Spells                   Type           Power        Failure   Level
 Animate Skeleton         Necr           #.....       32%         1
 Pain                     Necr           #...         32%         1
 Vampiric Draining        Necr           #.........   69%         3
 Animate Dead             Necr           #.........   97%         4
 Agony                    Necr           #.......     100%        5


Dungeon Overview and Level Annotations

Branches:
Dungeon (4/15)             Temple (1/1) D:4

Altars:
Hepliaklqana
Okawaru
Vehumet


Innate Abilities, Weirdness & Mutations

You are too large for most types of armour.
You have tough skin. (AC +1)


Message History

* * * LOW HITPOINT WARNING * * *
You hit the phantom.
The phantom is heavily damaged.
The phantom hits you.
* * * LOW HITPOINT WARNING * * *
You closely miss the phantom.
The phantom is heavily damaged.
The phantom misses you.
You miss the phantom.
The phantom is heavily damaged.
The phantom hits you.
* * * LOW HITPOINT WARNING * * *
You hit the phantom but do no damage.
The phantom is heavily damaged.
The phantom hits you.
* * * LOW HITPOINT WARNING * * *
You hit the phantom.
The phantom is heavily damaged.
The phantom hits you.
You die...

≈≈≈≈≈.....≈≈≈≈≈
≈≈≈≈≈..⌠..≈≈≈≈≈
≈≈≈≈≈.....≈≈≈≈≈
≈≈≈≈≈.....≈≈≈≈≈
≈≈≈≈≈.....≈≈≈≈≈
≈≈≈≈......≈≈≈≈≈
..........≈≈≈≈≈
......W@..≈≈≈≈≈
..........≈≈≈≈≈
≈≈≈≈......≈≈≈≈≈
≈≈≈≈≈.....≈≈≈≈≈
≈≈≈≈≈.....≈≈≈≈≈
≈≈≈≈≈.....≈≈≈≈≈
≈≈≈≈≈..⌠..≈≈≈≈≈
≈≈≈≈≈.....≈≈≈≈≈


You could see a phantom.

Vanquished Creatures
  An orc priest (D:3)
  2 orc wizards (D:3)
  A centaur skeleton (D:4)
  A worker ant (D:4)
  A hound skeleton (D:4)
  3 adders (D:2)
  A worm (D:2)
  2 dart slugs
  2 leopard geckos
  7 orcs (D:3)
  A ball python (D:3)
  6 giant cockroaches
  8 goblins
  9 hobgoblins
  2 jackals (D:2)
  4 kobolds
  A quokka (D:2)
  A ball python skeleton (D:4)
  8 bats
  8 frilled lizards
  13 rats
82 creatures vanquished.

Notes
Turn   | Place    | Note
-------+----------+-------------------------------------------
     0 | D:1      | ANON1729 the Ogre Hunter began the quest for the Orb.
     0 | D:1      | Reached XP level 1. HP: 22/22 MP: 1/1
    84 | D:1      | Reached XP level 2. HP: 15/29 MP: 2/2
    85 | D:1      | Reached skill level 1 in Stealth
   416 | D:1      | HP: 1/31 [goblin/+0 dagger (2)]
   825 | D:1      | Reached XP level 3. HP: 37/37 MP: 3/3
  1440 | D:2      | Reached XP level 4. HP: 23/46 MP: 4/4
  1837 | D:2      | Found a hazy altar of Hepliaklqana.
  2147 | D:2      | Found a radiant altar of Vehumet.
  2474 | D:3      | Reached XP level 5. HP: 16/54 MP: 5/5
  3380 | D:3      | Noticed a phantom
  3464 | D:3      | HP: 2/55 [phantom (9)]
  3794 | D:4      | Found an iron altar of Okawaru.
  3828 | D:4      | Noticed a phantom
  3837 | D:4      | Reached XP level 6. HP: 51/63 MP: 6/6
  3962 | D:4      | Found a staircase to the Ecumenical Temple.
  3974 | Temple   | Entered the Ecumenical Temple
  3994 | Temple   | HP: 2/63 [phantom (3)]
  3995 | Temple   | Slain by a phantom

Illustrated notes

Levels and vault maps discovered:
D:1:      ncdulo_halloftheorcs, layout_basic, kennysheep_pointless_box
D:2:      layout_loops_ring, vehumet_crystals, lemuel_round_altar, st_stairs_3
D:3:      cheibrodos_old_hovel, layout_loops_cross, doesnt_xom_only_xom
D:4:      layout_loops_cross, nicolae_overflow_crystal_walls,
          lemuel_crystal_altar, zin_academy, minmay_temple_entry_sparse_star,
          minmay_goblin_kobold_house
Temple:   minmay_temple_bridge_abc

Skill      XL: |  1  2  3  4  5 |
---------------+----------------+-----
Fighting       | 3 4 |  4.6
Dodging        | 2 3 |  3.1
Stealth        | 1 2 |  2.4
Throwing       | |  4.9

Action                   |  1- 3 |  4- 6 || total
-------------------------+-------+-------++-------
Melee: Short sword       |   137 |    25 ||   162
       Dagger            |       |   209 ||   209
Throw: Large rock        |     8 |    14 ||    22
       Throwing net      |       |     4 ||     4
       Dart              |       |     2 ||     2
 Stab: Sleeping          |     3 |     2 ||     5
Armor: Robe              |    48 |    45 ||    93
Dodge: Dodged            |   108 |   123 ||   231

Table legend: (Time is in decaauts)
 A = Elapsed time spent in this place.
 B = Non-inter-level travel time spent in this place.
 C = Inter-level travel time spent in this place.
 D = Time resting spent in this place.
 E = Time spent auto-exploring this place.
 F = Levels seen in this place.
 G = Mean time per level.
                   A        B        C        D        E       F      G
               +--------+--------+--------+--------+--------+-----+--------+
         Total |   4029 |   3901 |    128 |   1415 |   1551 |   5 |  805.8 |
       Dungeon |   4009 |   3881 |    128 |   1415 |   1551 |   4 | 1002.2 |
        Temple |     20 |     20 |      0 |      0 |      0 |   1 |   20.0 |
               +--------+--------+--------+--------+--------+-----+--------+

Top non-repeatable levels by time:
     D:2: 1479 daAuts
     D:3: 1202 daAuts
     D:1: 1135 daAuts
     D:4: 191 daAuts
  Temple: 20 daAuts
